 Dungeon Crawl Stone Soup version 0.23.0 (webtiles) character file.

Game seed: 3541684322332689760

65 inmateoo the Skirmisher (level 3, -7/31 HPs)
             Began as a Centaur Air Elementalist on Feb 10, 2019.
             Killed by nerve-wracking pain
             ... invoked by Jessica
              (14 damage)
             ... on level 2 of the Dungeon.
             The game lasted 00:02:05 (1986 turns).

inmateoo the Skirmisher (Centaur Air Elementalist)  Turns: 1986, Time: 00:02:07

Health: -7/31      AC:  6    Str: 11    XL:     3   Next: 92%
Magic:  5/5        EV:  6    Int: 14    God:
Gold:   80         SH:  0    Dex:  9    Spells: 4/5 levels left

rFire    . . .     SeeInvis .   d - +0 whip
rCold    . . .     Gourm    .   (no shield)
rNeg     . . .     Faith    .   e - +0 scale mail
rPois    .         Spirit   .   (no helmet)
rElec    .         Reflect  .   (no cloak)
rCorr    .         Harm     .   (no gloves)
MR       .....                  (no barding)
Stlth    ..........             (no amulet)
HPRegen  0.10/turn              (no ring)
MPRegen  0.09/turn              (no ring)

@: very quick
A: large, hooves 3, deformed body, speed 2, tough skin 3
a: no special abilities


You were on level 2 of the Dungeon.
You were not hungry.

You visited 1 branch of the dungeon, and saw 2 of its levels.

You collected 80 gold pieces.

Inventory:

Hand Weapons
 d - a +0 whip (weapon)
 f - a +0 club
Armour
 e - a +0 scale mail (worn)
Scrolls
 a - a scroll of remove curse {unknown}
 b - a scroll of immolation {unknown}
 g - a scroll of enchant weapon {unknown}
Comestibles
 c - 4 rations


   Skills:
 + Level 3.6 Fighting
 - Level 1.3 Dodging
 - Level 1.1 Stealth
 - Level 1.5 Spellcasting
 - Level 0.8 Conjurations
 - Level 2.6 Air Magic


You had 4 spell levels left.
You knew the following spells:

 Your Spells              Type           Power        Failure   Level  Hunger
a - Shock                 Conj/Air       #...         61%         1    ##.....

Your spell library contained the following spells:

 Spells                   Type           Power        Failure   Level  Hunger
 Swiftness                Chrm/Air       #.......     80%         2    ###....
 Static Discharge         Conj/Air       #.......     93%         3    ####...
 Airstrike                Air            #.........   99%         4    #####..
 Lightning Bolt           Conj/Air       #.........   100%        5    ######.


Dungeon Overview and Level Annotations

Branches:
Dungeon (2/15)

Altars:

Annotations:
D:2 Jessica


Innate Abilities, Weirdness & Mutations

You have hooves in place of feet.
Armour fits poorly on your strangely shaped body.
You cover ground very quickly.
You have extremely tough skin. (AC +3)


Message History

The rat bites you but does no damage.
You closely miss the rat. Your kick misses the rat.
The rat bites you but does no damage.
You hit the rat but do no damage. You kick the rat, but do no damage.
The rat bites you but does no damage.
A jackal comes into view.
You barely miss the rat.
The jackal barks!
Jessica shouts, "You are a ghastly nuisance!"
The rat bites you but does no damage.
You hit the rat. You kick the rat.
You kill the rat!
Jessica points at you and mumbles some strange words.
Pain shoots through your body!
* * * LOW HITPOINT WARNING * * *
A jackal comes into view.
Your magical contamination has completely faded away.
Jessica gestures at you while chanting. Pain shoots through your body!
You die...

........+..# #. ##......##.#
#.. ...<.....#.# #.. ##
#####.....#.# ### .. ..
..........#.# ... .. ##.#.
#########.#.###### .. ....
................
..#.###.############.........
........K†@.@................
.#..).hg#####.....#..#######
#.......# #.....#....####
#.!.....# #.....#.......#
...h.##......+.....'.......##
##......#.####.....#.......#.
#.#....#.# #######.......#.
#......... #.#######.
.......#... #.# #.


You could see Jessica, a jackal, a hobgoblin and a kobold.

Vanquished Creatures
  2 adders (D:2)
  An ooze (D:1)
  2 dart slugs (D:2)
  2 leopard geckos (D:1)
  3 giant cockroaches
  3 goblins
  5 hobgoblins
  3 jackals (D:2)
  5 bats (D:1)
  3 frilled lizards (D:2)
  A kobold (D:1)
  5 rats
35 creatures vanquished.

Notes
Turn   | Place    | Note
-------+----------+-------------------------------------------
     0 | D:1      | inmateoo the Centaur Air Elementalist began the quest for
                  | the Orb.
     0 | D:1      | Reached XP level 1. HP: 14/14 MP: 3/3
   188 | D:1      | Reached skill level 1 in Fighting
   231 | D:1      | Reached XP level 2. HP: 16/24 MP: 4/4
   410 | D:1      | Reached skill level 2 in Fighting
  1080 | D:2      | Reached XP level 3. HP: 7/30 MP: 3/5
  1081 | D:2      | Reached skill level 3 in Fighting
  1102 | D:2      | HP: 2/46 [poisoned by an adder]
  1953 | D:2      | Noticed Jessica
  1986 | D:2      | Killed from afar by Jessica

Skill      XL: |  1  2  3 |
---------------+----------+-----
Fighting       | 1 2 3 |  3.6
Dodging        | |  1.3
Stealth        | |  1.1
Spellcasting   | |  1.5
Conjurations   | |  0.8
Air Magic      | |  2.6

Action                   || total
-------------------------++-------
Melee: Club              ||   103
       Kick              ||    17
       Whip              ||    73
 Cast: Shock             ||     6
  Use: Potion            ||     2
  Eat: Chunk             ||     3
Armor: Scale mail        ||   158
       Skin              ||     2
Dodge: Dodged            ||    97
